 Dungeon Crawl Stone Soup version 0.21-a0-41-g5e91fef (webtiles) character file.

590 roguesci the Ducker (level 7, -4/57 HPs)
             Began as a White Draconian Skald on June 3, 2017.
             Slain by a gnoll
             ... wielding a +0 spear
              (8 damage)
             ... on level 4 of the Dungeon.
             The game lasted 00:13:22 (4622 turns).

roguesci the Ducker (White Draconian Skald)         Turns: 4622, Time: 00:13:23

Health: -4/57      AC:  9    Str: 16    XL:     7   Next: 16%
Magic:  5/12       EV: 13    Int: 20    God:
Gold:   126        SH:  4    Dex: 10    Spells: 6/12 levels left

rFire    x . .     SeeInvis .   a - +0 mace
rCold    + . .     Gourm    .   k - +0 buckler
rNeg     . . .     Faith    .   (armour unavailable)
rPois    .         Spirit   .   (helmet restricted)
rElec    .         Reflect  .   (no cloak)
rCorr    .         Harm     .   u - +1 pair of gloves "Pyimus" {rF- Str+2 Int+5}
MR       .....                  e - +0 pair of boots
Stlth    +.........             g - amulet of magic regeneration
Regen    0.2/turn               (no ring)
MPRegen  0.2/turn               (no ring)

@: infused (expiring), very slightly contaminated, invisible
A: breathe frost, unfitting armour, cold resistance 1, cold-blooded, AC +6
a: Breathe Frost


You were on level 4 of the Dungeon.
You were hungry.

You visited 1 branch of the dungeon, and saw 4 of its levels.

You collected 180 gold pieces.
You spent 54 gold pieces at shops.

Inventory:

Hand Weapons
 a - a +0 mace (weapon)
Missiles
 n - 117 stones (quivered)
Armour
 e - a +0 pair of boots (worn)
 k - a +0 buckler (worn)
 q - a +0 pair of gloves
 u - the +1 pair of gloves "Pyimus" (worn) {rF- Str+2 Int+5}
   (You found it on level 4 of the Dungeon)

   It affects your strength (+2).
   It affects your intelligence (+5).
   It makes you vulnerable to fire.
Jewellery
 g - an amulet of magic regeneration (around neck)
Scrolls
 d - a scroll of identify
 i - a scroll of magic mapping {unknown}
 j - a scroll of noise {unknown}
 m - a scroll of immolation {unknown}
 t - a scroll of random uselessness {unknown}
 v - a scroll of remove curse {unknown}
 x - a scroll of blinking {unknown}
Potions
 o - a potion of resistance {unknown}
 p - a potion of brilliance {unknown}
 s - a potion of might {unknown}
Books
 b - a book of Battle

   Spells                             Type                      Level
   a - Infusion                       Charms                       1
   b - Shroud of Golubria             Charms/Translocation         2
   c - Song of Slaying                Charms                       2
   d - Spectral Weapon                Hexes/Charms                 3
   e - Regeneration                   Charms/Necromancy            3
 f - a book of Misfortune

   Spells                             Type                      Level
   a - Confusing Touch                Hexes                        1
   b - Confuse                        Hexes                        3
   c - Gell's Gravitas                Translocation                3
   d - Petrify                        Transmutation/Earth          4
   e - Metabolic Englaciation         Hexes/Ice                    5
   f - Yara's Violent Unravelling     Hexes/Transmutation          5
Comestibles
 c - a bread ration
 l - 2 meat rations
 r - a royal jelly


   Skills:
 + Level 3.3 Fighting
 + Level 3.0 Maces & Flails
 * Level 4.1 Dodging
 * Level 3.2 Shields
 + Level 3.4 Spellcasting
 + Level 3.9 Charms


You had 6 spell levels left.
You knew the following spells:

 Your Spells              Type           Power        Failure   Level  Hunger
a - Infusion              Chrm           ###.         3%          1    None
b - Regeneration          Chrm/Necr      ##........   21%         3    ###....
c - Shroud of Golubria    Chrm/Tloc      ##........   10%         2    ##.....


Dungeon Overview and Level Annotations

Branches:
Dungeon (4/15)
 Temple: D:4-7

Altars:
Ashenzari
Qazlal
Uskayaw
Yredelemnul

Shops:
D:4 [


Innate Abilities, Weirdness & Mutations

You can breathe waves of freezing cold.
You can buffet flying creatures when you breathe cold.
Your icy white scales are hard. (AC +6)
You cannot fit into any form of body armour.
Your flesh is cold resistant. (rC+)
You are cold-blooded and may be slowed by cold attacks.


Message History

You hit the gnoll.
The gnoll is moderately wounded.
The gnoll hits you but does no damage.
The gnoll hits you from afar with a spear.
* * * LOW HITPOINT WARNING * * *
The gnoll closely misses you. The gnoll barely misses you.
You closely miss the gnoll. You tail-slap the gnoll.
The gnoll is severely wounded.
Your magical infusion is running out.
The gnoll closely misses you.
You hit the gnoll!
You kill the gnoll!
The gnoll misses you.
You hit the gnoll!
Your tail-slap misses the gnoll.
The gnoll is severely wounded.
The gnoll hits you with a spear!
* * * LOW HITPOINT WARNING * * *
You block the gnoll's attack. The gnoll misses you.
The gnoll hits you with a spear!
You die...

#.....##.........#####...
#.....##.#...............
#............>...........
#.....#.................(
#..........#####.###.....
######.#.#.#####.# #.#...
### #(#.........# #.#...
.... #.###.####### #.#...
.....###.g@..#
######.#...
.......g####.#
##.......... ......#.#
#.###....>...... .....
#)# #.##.).....##..# ....
... ..##........#..# ...
.#.## ###............. .$
..#.# #.#.....###..# # ..
..# #.##.......... ###
### #.##..........


You could see 2 gnolls.

Vanquished Creatures
  Grinder (D:3)
  A crimson imp (D:3)
  An orc wizard (D:4)
  A gnoll shaman (D:4)
  An orc priest (D:4)
  An iguana (D:4)
  4 worker ants (D:4)
  A gnoll (D:4)
  5 adders
  A worm (D:4)
  A dart slug (D:1)
  2 leopard geckos
  7 orcs
  A ball python (D:4)
  6 giant cockroaches
  5 goblins
  8 hobgoblins
  11 jackals
  8 kobolds
  3 quokkas
  8 bats
  2 frilled lizards
  A leopard gecko skeleton (D:4)
  7 rats
87 creatures vanquished.

Notes
Turn   | Place    | Note
-------+----------+-------------------------------------------
     0 | D:1      | roguesci the Draconian Skald began the quest for the Orb.
     0 | D:1      | Reached XP level 1. HP: 17/17 MP: 3/3
   190 | D:1      | Reached XP level 2. HP: 12/24 MP: 5/5
  1331 | D:2      | Reached XP level 3. HP: 11/30 MP: 1/6
  1792 | D:2      | Found a stormy altar of Qazlal.
  1881 | D:2      | Reached skill level 1 in Shields
  2270 | D:2      | Reached XP level 4. HP: 37/37 MP: 7/7
  2278 | D:2      | Learned a level 3 spell: Regeneration
  2281 | D:2      | Learned a level 2 spell: Shroud of Golubria
  2443 | D:2      | Found a shattered altar of Ashenzari.
  2443 | D:2      | Found a basalt altar of Yredelemnul.
  2519 | D:3      | Found a hide-covered altar of Uskayaw.
  2582 | D:3      | Noticed Grinder
  2593 | D:3      | Paralysed by Grinder for 7 turns
  2604 | D:3      | Paralysed by Grinder for 5 turns
  2635 | D:3      | Killed Grinder
  2635 | D:3      | Reached skill level 3 in Dodging
  2635 | D:3      | Reached XP level 5. HP: 33/45 MP: 6/9
  2635 | D:3      | Reached XP level 6. HP: 38/51 MP: 6/10
  3352 | D:4      | Got a pair of encrusted gloves
  3363 | D:4      | Identified the +1 pair of gloves "Pyimus" {rF- Str+2 Int+5} (You found it on level 4 of the Dungeon)
  3688 | D:4      | Reached skill level 4 in Dodging
  3775 | D:4      | Found Biduw's Armour Shop.
  3871 | D:4      | Bought a +0 pair of boots for 54 gold pieces
  4272 | D:4      | Your scales start taking on an icy white colour.
  4272 | D:4      | Reached XP level 7. HP: 35/57 MP: 7/12
  4272 | D:4      | Gained mutation: Your flesh is cold resistant. (rC+) [White Draconian growth]
  4622 | D:4      | Slain by a gnoll

Vault maps used:
D:1:      denvon_arrival_hothouse
D:2:      grunt_qazlal_clouds, gammafunk_temple_overflow_elements
D:3:      marbit_many_paths, uniq_grinder
D:4:      serial_shops, nicolae_shop_trees

Skill      XL: |  1  2  3  4  5  6 |
---------------+-------------------+-----
Charms         | 3 |  3.9
Shields        | 1 2 3 |  3.2
Fighting       | 3 |  3.3
Dodging        | 3 4 |  4.1
Spellcasting   | 3 |  3.4
Maces & Flails | 3 |  3.0

Action                   |  1- 3 |  4- 6 |  7- 9 || total
-------------------------+-------+-------+-------++-------
Melee: Mace              |   144 |   322 |    24 ||   490
       Tailslap          |     5 |    24 |     2 ||    31
Throw: Throwing net      |       |     1 |       ||     1
 Cast: Infusion          |     6 |     5 |     1 ||    12
       Shroud of Golubri |       |     7 |     1 ||     8
 Abil: Breathe Frost     |       |       |     2 ||     2
  Use: Scroll            |     1 |       |       ||     1
       Potion            |       |     6 |     2 ||     8
 Stab: Sleeping          |       |     1 |       ||     1
  Eat: Chunk             |     5 |     7 |     1 ||    13
Armor: Skin              |    46 |   132 |     9 ||   187
Dodge: Dodged            |    99 |   213 |    34 ||   346
Block: Buckler           |    13 |    69 |     6 ||    88
